 Dungeon Crawl Stone Soup version 0.28-a0-691-gad6df49e81 (webtiles) character file.

Game seed: 10524554821717409074

50 chris0x the Covert (level 3, -4/34 HPs)
             Began as a Naga Delver on Oct 20, 2021.
             Was a Follower of Cheibriados.
             Splashed by a jelly's acid (9 damage)
             ... on level 2 of the Dungeon.
             The game lasted 00:09:12 (2315 turns).

chris0x the Covert (Naga Delver)                    Turns: 2315, Time: 00:09:12

Health: -4/34      AC:  2    Str: 16    XL:     3   Next: 79%
Magic:  3/3        EV:  9    Int: 13    God:    Cheibriados [*.....]
Gold:   118        SH:  0    Dex: 14    Spells: 2/2 levels left

rFire   . . .      SeeInvis +     - Unarmed
rCold   . . .      Faith    .   (no shield)
rNeg    . . .      Spirit   .   a - +0 leather armour
rPois   +          Reflect  .   (no helmet)
rElec   .          Harm     .   (no cloak)
rCorr   .          Rampage  .   (no gloves)
Will    .....                   (no barding)
Stlth   ++++......              (no amulet)
HPRegen 0.11/turn               (no ring)
MPRegen 0.08/turn               (no ring)

@: short of breath, very slow
A: AC +1, large, see invisible, deformed body, poison resistance, slowness 2,
spit poison 1, naga tail 1
a: Spit Poison, Renounce Religion, Bend Time


You were on level 2 of the Dungeon.
You worshipped Cheibriados.
Cheibriados was aware of your devotion.
You visited 2 branches of the dungeon, and saw 6 of its levels.

You collected 118 gold pieces.

Inventory:

Hand Weapons
 g - a +0 hand crossbow
Missiles
 h - 8 bolts
 i - 18 sling bullets
 j - 10 arrows
 l - 16 stones
 m - 17 poisoned darts (quivered)
Armour
 a - a +0 leather armour (worn)
Wands
 f - a wand of digging (3)
Scrolls
 b - a scroll of fog
 c - a scroll of magic mapping
 k - 5 scrolls of identify
Potions
 d - a potion of heal wounds
 e - a potion of haste


   Skills:
 * Level 3.2 Fighting
 - Level 0.1 Crossbows
 + Level 0.1 Throwing
 + Level 0.3 Armour
 * Level 1.7 Dodging
 * Level 8.0 Stealth
 * Level 2.5 Unarmed Combat
 + Level 0.3 Spellcasting


You had 2 spell levels left.
You didn't know any spells.
Your spell library contained the following spells:

 Spells                   Type           Power      Damage    Failure   Level
 Call Canine Familiar     Summ           0%         N/A       73%         3
 Portal Projectile        Hex/Tloc       0%         N/A       73%         3
 Leda's Liquefaction      Hex/Erth       0%         N/A       98%         4


Dungeon Overview and Level Annotations

Branches:
Dungeon (5/15)             Temple (1/1) D:4

Altars:
Ashenzari
Cheibriados
Dithmenos
Elyvilon
Fedhas
Hepliaklqana
Kikubaaqudgha
Makhleb
Okawaru
Sif Muna
Trog
Uskayaw
Wu Jian
Yredelemnul
The Shining One

Shops:
D:5 !

Annotations:
D:2 Jessica, Terence
D:4 Duvessa


Innate Abilities, Weirdness & Mutations

Your serpentine skin is tough. (AC +1)
You have supernaturally acute eyesight. (SInv)
Armour fits poorly on your strangely shaped body.
Your system is resistant to poisons. (rPois)
You cover ground very slowly.
You can spit poison.
You have a snake-like lower body.


Message History

You open the door.
There is an open door here.
There is an open door here.
You see here a +0 chain mail.
You now have 118 gold pieces (gained 10).
Found a ring mail.
You see here a +0 ring mail.
You open the door.
There is an open door here.
Done exploring.
Done exploring.
There is a stone staircase leading down here.
You climb downwards.
Level annotation: Jessica, Terence
There is a stone staircase leading up here.
A goblin comes into view. It is wielding a +0 club.
A jelly comes into view.
The goblin shouts!
The jelly quivers.
The goblin barely misses you. The goblin closely misses you.
You barely miss the goblin. The goblin hits you with a +0 club.
You hit the goblin.
You kill the goblin!
Cheibriados appreciates the change of pace.
Press: ? - help, Shift-Dir - straight line, f - jelly
Aim: a jelly The splash of poison hits the jelly.
The jelly is lightly wounded.
You hit the jelly but do no damage.
Your hands burn!
The jelly is lightly wounded.
The jelly closely misses you. The jelly hits you.
You are splashed with acid!
You hit the jelly.
Your hands burn!
The jelly is heavily wounded.
The jelly hits you.
You are splashed with acid!
* * * LOW HITPOINT WARNING * * *
The jelly hits you.
* * * LOW HITPOINT WARNING * * *
You are splashed with acid!
You die...

########## ###########
#........# #.........#
#........# #.........#
##........######.........#
.#....<.........@J.)#.#.##
..........######.#........
..........# #.#.##.###.
..........######...## .#
##....###.....##....# .#
....#.# #####....##.# #
....#.# ###.........
....#.### ###..####.##.
... #...# #....# .#


You could see a jelly.

Vanquished Creatures
  2 adders (D:3)
  An adder skeleton (D:4)
  A ball python (D:1)
  3 endoplasms
  3 hobgoblins
  A jackal (D:3)
  7 kobolds
  A quokka (D:4)
  3 bats (D:3)
  2 goblins
  3 rats
27 creatures vanquished.

Vanquished Creatures (others)
  A plant (D:3)
1 creature vanquished.

Grand Total: 28 creatures vanquished

Notes
Turn   | Place    | Note
-------+----------+-------------------------------------------
     0 | D:5      | chris0x the Naga Delver began the quest for the Orb.
     0 | D:5      | Reached XP level 1. HP: 21/21 MP: 1/1
   219 | D:4      | Found a staircase to the Ecumenical Temple.
   467 | Temple   | Entered the Ecumenical Temple
   656 | Temple   | Became a worshipper of Cheibriados the Contemplative
   727 | D:4      | Noticed Duvessa
   738 | D:4      | Reached XP level 2. HP: 20/28 MP: 2/2
  1212 | D:3      | Reached XP level 3. HP: 30/34 MP: 3/3
  1230 | D:2      | Noticed Terence
  1241 | D:2      | Noticed Jessica
  1606 | D:1      | Reached skill level 8 in Stealth
  1818 | D:1      | Reached * piety under Cheibriados
  2315 | D:2      | Splashed by a jelly's acid

Illustrated notes

Levels and vault maps discovered:
D:1:      dpeg_arrival_more_subterranean_lakeside_camping, layout_basic
D:2:      layout_rooms, uniq_jessica, uniq_terence
D:3:      layout_rooms, led_xom_imps, serial_bayou_pond_b
D:4:      layout_loops_corners, minmay_temple_entry_arrows, uniq_pikel,
          uniq_duvessa
D:5:      layout_basic, nicolae_stop_n_shop_2, serial_bayou_lagoon_b
Temple:   regret_index_temple_waves

Skill      XL: |  1  2  3 |
---------------+----------+-----
Stealth        | 8 |  8.0
Fighting       | |  3.2
Crossbows      | |  0.1
Throwing       | |  0.1
Armour         | |  0.3
Dodging        | |  1.7
Unarmed Combat | |  2.5
Spellcasting   | |  0.3

Action                   || total
-------------------------++-------
Melee: Unarmed           ||    80
 Abil: Spit Poison       ||    11
  Use: Scroll            ||     6
 Stab: Sleeping          ||     7
Armor: Leather armour    ||    16
Dodge: Dodged            ||    48

Table legend: (Time is in decaauts)
 A = Elapsed time spent in this place.
 B = Non-inter-level travel time spent in this place.
 C = Inter-level travel time spent in this place.
 D = Time resting spent in this place.
 E = Time spent auto-exploring this place.
 F = Levels seen in this place.
 G = Mean time per level.
                   A        B        C        D        E       F      G
               +--------+--------+--------+--------+--------+-----+--------+
         Total |   3274 |   3223 |     51 |    487 |   1584 |   6 |  545.7 |
       Dungeon |   2909 |   2858 |     51 |    487 |   1377 |   5 |  581.8 |
        Temple |    365 |    365 |      0 |      0 |    207 |   1 |  365.0 |
               +--------+--------+--------+--------+--------+-----+--------+

Top non-repeatable levels by time:
     D:1: 1546 daAuts
     D:4: 805 daAuts
     D:3: 444 daAuts
  Temple: 365 daAuts
     D:2: 106 daAuts
     D:5: 6 daAuts
